 Dungeon Crawl Stone Soup version 0.22.1-2-g9c5b331 (webtiles) character file.

185 nightchill the Chopper (level 5, 48/48 HPs)
             Began as a Minotaur Fighter on Nov 14, 2018.
             Was an Initiate of Qazlal.
             Quit the game in the Ecumenical Temple.
             The game lasted 00:06:26 (2580 turns).

nightchill the Chopper (Minotaur Fighter)           Turns: 2580, Time: 00:06:26

Health: 48/48      AC: 10    Str: 21    XL:     5   Next: 37%
Magic:  4/4        EV:  7    Int:  6    God:    Qazlal [......]
Gold:   139        SH:  9    Dex:  9    Spells: 4/4 levels left

rFire    . . .     SeeInvis .   a - +1 war axe
rCold    . . .     Gourm    .   c - +0 shield
rNeg     . . .     Faith    .   b - +0 scale mail
rPois    .         Spirit   .   x - +1 hat
rElec    .         Reflect  .   A - +0 cloak
rCorr    .         Harm     .   y - +0 pair of gloves
MR       .....                  (no boots)
Stlth    ..........             (no amulet)
HPRegen  0.16/turn              (no ring)
MPRegen  0.09/turn              (no ring)

@: no status effects
A: retaliatory headbutt, horns 2
a: Renounce Religion


You were in the Ecumenical Temple.
You worshipped Qazlal.
Qazlal was noncommittal.
You were very hungry.

You visited 2 branches of the dungeon, and saw 5 of its levels.

You collected 139 gold pieces.

Inventory:

Hand Weapons
 a - a +1 war axe (weapon)
 n - the +11 hunting sling of Propriety {freeze, Dex+5, unknown}
   (You found it on level 4 of the Dungeon)

   It causes projectiles fired from it to freeze those they strike, causing
   extra injury to most foes and up to half again as much damage against
   particularly susceptible opponents.
   They can also slow down cold-blooded creatures.
   It affects your dexterity (+5).
Missiles
 h - 110 stones (quivered)
Armour
 b - a +0 scale mail (worn)
 c - a +0 shield (worn)
 x - a +1 hat (worn)
 y - a +0 pair of gloves (worn)
 A - a +0 cloak (worn)
Jewellery
 p - an uncursed ring of poison resistance {unknown}
 t - an uncursed ring of protection from fire {unknown}
 z - an uncursed ring of protection from cold {unknown}
Wands
 w - a wand of flame (39)
Scrolls
 e - a scroll of enchant weapon
 o - a scroll of teleportation
Potions
 d - 2 potions of might
 g - a potion of curing
 i - 4 potions of degeneration {unknown}
 j - a potion of heal wounds {unknown}
 k - a potion of cancellation
 l - 2 potions of flight {unknown}
 m - 4 potions of lignification {unknown}
 u - a potion of mutation {unknown}
 v - a potion of berserk rage {unknown}
Comestibles
 f - 6 rations


   Skills:
 + Level 5.1 Fighting
 * Level 5.8 Axes
 - Level 3.6 Armour
 - Level 3.6 Shields
 + Level 0.0 Invocations


You had 4 spell levels left.
You didn't know any spells.
Your spell library was empty.

Dungeon Overview and Level Annotations

Branches:
Dungeon (4/15)             Temple (1/1) D:4

Altars:
Ashenzari
Elyvilon
Fedhas
Gozag
Hepliaklqana
Kikubaaqudgha
Nemelex Xobeh
Okawaru
Qazlal
Sif Muna
Trog
Uskayaw
Vehumet
Wu Jian
Yredelemnul


Innate Abilities, Weirdness & Mutations

You reflexively headbutt those who attack you in melee.
You have a pair of horns on your head.


Message History

Found a deep blue altar of Sif Muna.
There is a blossoming altar of Fedhas here.
You are feeling very hungry.
There is a shattered altar of Ashenzari here.
There is a radiant altar of Vehumet here.
There is a shattered altar of Ashenzari here.
Partly explored, can't reach some places.
Search for what [? for help]? altar
There is a sparkling altar of Nemelex Xobeh here.
There is a stormy altar of Qazlal here.
You kneel at the altar of Qazlal.
Qazlal welcomes you! Qazlal grants you immunity to clouds.
Partly explored, can't reach some places.
Partly explored, can't reach some places.
(D) Dungeon (T) Temple
Where to? (Enter - Temple @ (x,y), ? - help) You're already here!
Okay, then.
Are you sure you want to abandon this character and quit the game? (Confirm

≈≈≈≈≈≈≈≈≈≈≈≈≈≈≈≈≈
≈≈≈≈≈≈≈≈≈≈≈≈≈≈≈≈≈≈≈
≈≈≈≈≈≈≈≈≈≈≈≈≈≈≈≈≈≈≈≈≈≈≈
≈≈≈≈≈≈≈≈≈≈≈≈≈≈≈≈≈≈≈≈≈≈≈
≈≈≈≈≈≈≈≈≈≈≈≈≈≈≈≈≈≈≈≈≈≈≈≈≈
≈≈≈≈≈≈≈≈≈≈≈≈≈≈≈≈≈≈≈≈≈≈≈≈≈
≈≈≈≈≈≈≈≈≈≈≈≈≈≈≈≈≈≈≈≈≈≈≈≈≈
≈≈≈≈≈≈≈≈≈≈≈...≈≈≈≈≈≈≈≈≈≈≈
≈≈≈≈≈≈≈≈≈≈≈..@..≈≈≈≈≈≈≈≈≈≈≈
≈≈≈≈≈≈≈≈≈.........≈≈≈≈≈≈≈≈≈
≈≈≈≈≈≈≈≈≈≈...._....≈≈≈≈≈≈≈≈≈≈
≈≈≈≈≈≈≈≈≈.._....._..≈≈≈≈≈≈≈≈≈
≈≈≈≈≈≈≈≈≈≈.........≈≈≈≈≈≈≈≈≈≈
≈≈≈≈≈≈≈≈≈≈...≈≈≈...≈≈≈≈≈≈≈≈≈≈
≈≈≈≈≈≈≈≈≈...≈≈≈≈≈...≈≈≈≈≈≈≈≈≈
≈≈≈≈≈≈≈≈...≈≈...≈≈...≈≈≈≈≈≈≈≈
≈≈≈≈≈≈≈≈......_......≈≈≈≈≈≈≈≈


There were no monsters in sight!

Vanquished Creatures
  A worker ant (D:4)
  Terence (D:2)
  4 adders (D:2)
  An adder skeleton (D:4)
  A worm (D:2)
  2 dart slugs
  5 leopard geckos
  4 orcs
  2 ball pythons
  10 bats
  4 giant cockroaches
  9 goblins
  9 hobgoblins
  7 kobolds
  3 quokkas (D:3)
  4 frilled lizards
  A leopard gecko skeleton (D:4)
  7 rats
75 creatures vanquished.

Notes
Turn   | Place    | Note
-------+----------+-------------------------------------------
     0 | D:1      | nightchill the Minotaur Fighter began the quest for the
                  | Orb.
     0 | D:1      | Reached XP level 1. HP: 19/19 MP: 0/0
    65 | D:1      | Reached XP level 2. HP: 13/27 MP: 1/1
   521 | D:1      | Reached XP level 3. HP: 33/33 MP: 2/2
   860 | D:2      | Noticed Terence
   865 | D:2      | Killed Terence
   865 | D:2      | Reached XP level 4. HP: 41/41 MP: 3/3
  1029 | D:2      | Reached skill level 5 in Axes
  1771 | D:3      | Reached XP level 5. HP: 47/47 MP: 4/4
  2129 | D:4      | Got a jewelled hunting sling
  2170 | D:4      | Reached skill level 5 in Fighting
  2280 | D:4      | Found a hide-covered altar of Uskayaw.
  2334 | D:4      | Found a staircase to the Ecumenical Temple.
  2343 | Temple   | Entered the Ecumenical Temple
  2579 | Temple   | Became a worshipper of Qazlal Stormbringer
  2580 | Temple   | Quit the game

Skill      XL: |  1  2  3  4  5 |
---------------+----------------+-----
Axes           | 3 4 5 |  5.8
Fighting       | 4 5 |  5.1
Armour         | |  3.6
Shields        | |  3.6

Action                   |  1- 3 |  4- 6 || total
-------------------------+-------+-------++-------
Melee: War axe           |    83 |    88 ||   171
       Headbutt          |    15 |    16 ||    31
  Use: Scroll            |       |     9 ||     9
  Eat: Chunk             |       |     4 ||     4
Armor: Scale mail        |    49 |    27 ||    76
Dodge: Dodged            |    23 |    24 ||    47
Block: Shield            |    55 |    39 ||    94
